 Dungeon Crawl Stone Soup version 0.20.0-15-g7f486f2 (webtiles) character file.

8155 rezek the Destroyer (level 11, -16/66 HPs)
             Began as a Tengu Conjurer on June 27, 2017.
             Was a Believer of Vehumet.
             Demolished by a komodo dragon (31 damage)
             ... on level 1 of the Lair of Beasts.
             The game lasted 00:59:21 (9040 turns).

rezek the Destroyer (Tengu Conjurer)                Turns: 9040, Time: 00:59:22

Health: -16/66     AC:  5    Str: 13    XL:     11   Next: 26%
Magic:  16/22      EV: 19    Int: 20    God:    Vehumet [**....]
Gold:   320        SH:  0    Dex: 15    Spells: 12/23 levels left

rFire    . . .     SeeInvis .   B - +1 lajatang
rCold    . . .     Gourm    .   (shield currently unavailable)
rNeg     . . .     Faith    .   g - +1 robe {Archmagi}
rPois    +         Spirit   .   (helmet restricted)
rElec    .         Reflect  .   w - scarf {cloud immunity}
rCorr    .         Harm     .   (no gloves)
MR       .....                  (boots unavailable)
Stlth    +++.......             f - amulet of regeneration
Regen    0.7/turn               m - +4 ring of strength
MPRegen  0.2/turn               k - ring of poison resistance

@: flying quickly and evasively, quick
A: beak, talons 3, slimy green scales 1, clever 1, able to fly 1
a: Renounce Religion


You were on level 1 of the Lair of Beasts.
You worshipped Vehumet.
Vehumet was pleased with you.
You were hungry.

You visited 3 branches of the dungeon, and saw 11 of its levels.

You collected 562 gold pieces.
You spent 242 gold pieces at shops.

Inventory:

Hand Weapons
 e - a +4 long sword of freezing
 B - a +1 lajatang (weapon)
Missiles
 x - 4 curare-tipped needles
 A - 6 poisoned needles
Armour
 g - a +1 robe of the Archmagi (worn)
 v - a +0 buckler
 w - a scarf of cloud immunity (worn)
Jewellery
 f - an amulet of regeneration (around neck)
 j - an uncursed ring of ice
 k - a ring of poison resistance (right hand)
 l - an uncursed ring of protection from fire
 m - a +4 ring of strength (left hand)
 p - a +3 amulet of reflection
 s - an uncursed ring of protection from fire
 y - an uncursed ring of protection from cold
Wands
 r - a wand of lightning (8/15)
 z - a wand of iceblast (3/15)
Scrolls
 a - 4 scrolls of teleportation
 n - 3 scrolls of amnesia
 u - 4 scrolls of identify
 D - a scroll of remove curse
Potions
 q - 3 potions of curing
 t - a potion of magic
 C - a potion of brilliance
Books
 b - a book of Conjurations

   Spells                             Type                      Level
   a - Magic Dart                     Conjuration                  1
   b - Searing Ray                    Conjuration                  2
   c - Dazzling Spray                 Conjuration/Hexes            3
   d - Fulminant Prism                Conjuration/Hexes            4
   e - Force Lance                    Conjuration/Translocation    4
   f - Iskenderun's Mystic Blast      Conjuration                  4
Comestibles
 c - 6 bread rations
 d - 12 royal jellies
 h - 6 chunks of flesh
 i - 6 meat rations
 o - 9 fruits


   Skills:
 + Level 6.7 Fighting
   Level 1.3(5.7) Short Blades
 - Level 9.0 Long Blades
 * Level 4.3 Staves
 + Level 6.1 Dodging
 + Level 4.1 Stealth
 + Level 1.3 Shields
 + Level 6.7 Spellcasting
 + Level 10.8 Conjurations
 * Level 3.8 Evocations


You had 12 spell levels left.
You knew the following spells:

 Your Spells              Type           Power        Failure   Level  Hunger
a - Sting                 Conj/Pois      ####         1%          1    None
b - Searing Ray           Conj           ######       1%          2    None
c - Iskenderun's Mystic   Conj           ######..     1%          4    ###....
d - Fulminant Prism       Conj/Hex       #####.....   11%         4    ###....


Dungeon Overview and Level Annotations

Branches:
Dungeon (9/15)             Temple (1/1) D:7            Lair (1/6) D:9
    Orc (0/2) D:9

Altars:
Ashenzari
Cheibriados
Dithmenos
Elyvilon
Fedhas
Gozag
Hepliaklqana
Kikubaaqudgha
Makhleb
Nemelex Xobeh
Okawaru
Qazlal
Ru
Sif Muna
Trog
Uskayaw
Vehumet
Xom
Yredelemnul
Zin
The Shining One

Shops:
D:7 *   D:9 [

Annotations:
D:7 sphinx, exclusion: door
D:8 Grum; Inarius's ghost, novice GrEE


Innate Abilities, Weirdness & Mutations

You have a beak for a mouth.
You have claws for feet.
You can fly.
You are partially covered in slimy green scales. (AC +2)
Your mind is acute. (Int +2)


Message History

A crocodile comes into view.
The porcupine twitches its whiskers.
The porcupine twitches its whiskers.
A wolf comes into view.
The wolf moves out of view.
The porcupine bites you.
Okay, then.
You swoop lightly up into the air.
You feel very comfortable in the air.
You are feeling hungry.
The yak gores you! The porcupine bites you.
* * * LOW HITPOINT WARNING * * *
The porcupine barely misses you.
A komodo dragon comes into view.
The komodo dragon hisses angrily.
The komodo dragon bites you!
* * * LOW HITPOINT WARNING * * *
The komodo dragon closely misses you. The komodo dragon bites you!!
You die...

≈≈P≈P≈≈≈..####...## #.#
♣♣≈≈≈≈≈≈≈..P##..Y.# #.#
≈≈≈≈≈≈≈P≈..####..## #.#
...........# #.Y## #.#
≈≈≈P≈≈P≈♣..# #...# #.#
P≈≈≈P≈≈♣#### #..## #.#
P≈≈P≈≈♣##.#####..# #.#
#≈♣P♣P.........lr## #.#
#...#........>).@.###÷#
#. #............###..#
+ #...(##.##........##
+....######........#
#....# #...###..##
+....# ##.## #..# .#
#....# #.. ##..# .
...... ..# #...# .
##P.... #.. ##..#


You could see a komodo dragon, 2 yaks and a porcupine.

Vanquished Creatures
  2 hippogriffs
  12 yaks
  The ghost of theElss the Conjurer, an amateur DECj (D:4)
  Sigmund (D:6)
  2 wyverns
  A basilisk (D:9)
  A human (D:7)
  Eustachio (D:4)
  4 hogs (D:7)
  An acid dragon (D:9)
  Duvessa (D:4)
  2 orc warriors (D:9)
  A sky beast (D:7)
  An ice beast (D:6)
  A phantom (D:5)
  8 wolves
  3 ogres
  2 centaurs
  3 crocodiles
  5 bullfrogs
  3 scorpions
  Dowan (D:4)
  10 killer bees (D:9)
  4 howler monkeys (D:9)
  5 wights (D:6)
  An electric eel (Lair:1)
  2 crimson imps
  3 centaur zombies
  5 hounds
  An orc priest (D:9)
  A centaur skeleton (D:6)
  10 orc wizards
  An iguana (D:7)
  6 worker ants
  2 hound zombies (D:7)
  2 hound skeletons (D:5)
  A worker ant zombie (D:6)
  A howler monkey skeleton (D:6)
  3 gnolls (D:9)
  12 adders
  A shadow imp (D:5)
  An ooze (D:6)
  An adder zombie (D:5)
  2 adder skeletons
  3 worms
  2 dart slugs
  5 leopard geckos
  40 orcs
  7 bats
  4 giant cockroaches
  3 goblins (D:1)
  10 hobgoblins
  4 jackals
  A quokka (D:7)
  A ball python (D:8)
  3 frilled lizards
  5 kobolds
  A leopard gecko skeleton (D:4)
  A quokka skeleton (D:5)
  2 rats (D:1)
224 creatures vanquished.

Vanquished Creatures (others)
  9 plants
9 creatures vanquished.

Grand Total: 233 creatures vanquished

Notes
Turn   | Place    | Note
-------+----------+-------------------------------------------
     0 | D:1      | rezek the Tengu Conjurer began the quest for the Orb.
     0 | D:1      | Reached XP level 1. HP: 10/10 MP: 4/4
   376 | D:1      | Reached XP level 2. HP: 15/15 MP: 3/6
   380 | D:1      | Learned a level 2 spell: Searing Ray
   456 | D:1      | Reached skill level 6 in Conjurations
   796 | D:1      | Reached XP level 3. HP: 19/19 MP: 3/7
  2111 | D:3      | Reached XP level 4. HP: 24/24 MP: 4/8
  2121 | D:3      | Learned a level 4 spell: Iskenderun's Mystic Blast
  2461 | D:3      | Reached skill level 1 in Short Blades
  2633 | D:3      | Reached skill level 7 in Conjurations
  2915 | D:4      | Gained mutation: You can fly. [Tengu growth]
  2915 | D:4      | Reached XP level 5. HP: 28/28 MP: 10/10
  2919 | D:4      | Noticed Duvessa
  2920 | D:4      | Noticed Dowan
  3030 | D:4      | Noticed theElss's ghost (amateur DECj)
  3036 | D:4      | HP: 1/28 [theElss's ghost/orb of energy (21)]
  3038 | D:5      | Entered Level 5 of the Dungeon
  3105 | D:5      | Reached skill level 1 in Fighting
  3305 | D:4      | Noticed Eustachio
  3368 | D:5      | Reached skill level 8 in Conjurations
  3368 | D:5      | Reached XP level 6. HP: 6/34 MP: 7/11
  3369 | D:5      | Reached skill level 1 in Long Blades
  3437 | D:5      | Found a snail-covered altar of Cheibriados.
  3604 | D:4      | Reached XP level 7. HP: 37/40 MP: 5/13
  3910 | D:5      | Learned a level 4 spell: Fulminant Prism
  3979 | D:6      | Reached skill level 9 in Conjurations
  4201 | D:6      | Reached XP level 8. HP: 46/46 MP: 3/15
  4287 | D:6      | Noticed Sigmund
  4589 | D:6      | Killed Sigmund
  4589 | D:6      | Reached skill level 5 in Long Blades
  4840 | D:7      | Found a staircase to the Ecumenical Temple.
  4848 | D:7      | Found Fotokur's Assorted Antiques.
  4854 | Temple   | Entered the Ecumenical Temple
  4941 | Temple   | Became a worshipper of Vehumet
  4962 | D:7      | Bought a brown potion for 23 gold pieces
  4962 | D:7      | Bought a scroll labeled COGUPH MYME for 26 gold pieces
  4962 | D:7      | Bought a tourmaline ring for 130 gold pieces
  4996 | D:7      | Reached skill level 5 in Spellcasting
  5002 | D:7      | Noticed a hippogriff
  5120 | D:7      | Killed a hippogriff
  5120 | D:7      | Reached XP level 9. HP: 43/52 MP: 12/17
  5613 | D:7      | Reached skill level 10 in Conjurations
  5618 | D:7      | Reached skill level 5 in Fighting
  5849 | D:8      | Noticed Grum
  6066 | D:4      | Killed Eustachio
  6148 | D:4      | Reached XP level 10. HP: 33/59 MP: 12/20
  6321 | D:4      | Killed Dowan
  6430 | D:4      | Killed Duvessa
  6430 | D:4      | Reached * piety under Vehumet
  6430 | D:4      | Offered knowledge of Freeze by Vehumet.
  6506 | D:4      | Killed theElss's ghost
  6734 | D:5      | Reached skill level 1 in Evocations
  6826 | D:8      | Noticed Inarius's ghost (novice GrEE)
  7036 | D:7      | Reached skill level 1 in Shields
  7043 | D:7      | Noticed a gargoyle
  7044 | D:7      | Noticed a sphinx
  7398 | D:9      | Reached skill level 5 in Dodging
  7419 | D:9      | Offered knowledge of Sting by Vehumet.
  7425 | D:9      | Learned a level 1 spell: Sting
  7431 | D:9      | Reached ** piety under Vehumet
  7517 | D:9      | Found Xexkev's Armour Boutique.
  7517 | D:9      | Found a staircase to the Orcish Mines.
  7523 | D:9      | Bought a +0 cloak for 63 gold pieces
  8185 | D:9      | Reached skill level 1 in Staves
  8257 | D:9      | Found a staircase to the Lair.
  8415 | Lair:1   | Entered Level 1 of the Lair of Beasts
  8604 | Lair:1   | Reached XP level 11. HP: 65/65 MP: 16/21
  8708 | Lair:1   | Gained mutation: You are partially covered in slimy green scales. (AC +2) [potion of mutation]
  8708 | Lair:1   | Gained mutation: Your mind is acute. (Int +2) [potion of mutation]
  8953 | Lair:1   | Offered knowledge of Ignite Poison by Vehumet.
  8962 | Lair:1   | HP: 3/66 [yak (11)]
  9040 | Lair:1   | Demolished by a komodo dragon

Skill      XL: |  1  2  3  4  5  6  7  8  9 10 11 |
---------------+----------------------------------+-----
Conjurations   | 6 7 8 9 10 | 10.8
Short Blades   | 1 |  1.3
Fighting       | 1 2 3 4 5 6 |  6.7
Spellcasting   | 3 4 5 6 |  6.7
Long Blades    | 2 3 6 7 9 |  9.0
Dodging        | 3 4 5 6 |  6.1
Stealth        | 3 4 |  4.1
Evocations     | 3 |  3.8
Shields        | 1 |  1.3
Staves         | 3 4 |  4.3

Action                   |  1- 3 |  4- 6 |  7- 9 | 10-12 || total
-------------------------+-------+-------+-------+-------++-------
Melee: Dagger            |    37 |    11 |       |       ||    48
       Kick              |    10 |    23 |    30 |    34 ||    97
       Peck              |     2 |    13 |    19 |    23 ||    57
       Falchion          |       |    41 |    20 |       ||    61
       Long sword        |       |       |    62 |    90 ||   152
       Lajatang          |       |       |       |    36 ||    36
 Cast: Magic Dart        |    24 |     7 |     1 |       ||    32
       Searing Ray       |     8 |    19 |    34 |    40 ||   101
       Iskenderun's Myst |       |       |     2 |     8 ||    10
       Sting             |       |       |       |    13 ||    13
 Abil: Fly               |       |       |       |     1 ||     1
  Use: Potion            |     3 |     2 |     5 |     5 ||    15
       Scroll            |       |     3 |     4 |     4 ||    11
 Stab: Sleeping          |     2 |     1 |     1 |     2 ||     6
       Distracted        |       |       |       |     1 ||     1
  Eat: Chunk             |     4 |     6 |     9 |    10 ||    29
Armor: Robe              |    10 |     9 |    21 |    15 ||    55
Dodge: Dodged            |    18 |    43 |    75 |   136 ||   272
Block: Other             |     1 |     2 |       |       ||     3
       Reflection        |       |     1 |       |       ||     1
       Buckler           |       |       |       |    12 ||    12
       Rpst.: Falchion   |       |    15 |     5 |       ||    20
       Long sword        |       |       |    13 |    20 ||    33
